 Dungeon Crawl Stone Soup version 0.26.1-2-gb8aa6d0cf2 (webtiles) character file.

Game seed: 2155538820224938975

194299 Amaterasu the Severer (level 18, -10/122 HPs)
             Began as a Gargoyle Fighter on Feb 28, 2021.
             Was the Champion of Makhleb.
             Mangled by a swamp worm (11 damage)
             ... on level 3 of the Swamp.
             The game lasted 00:51:10 (24952 turns).

Amaterasu the Severer (Gargoyle Fighter)           Turns: 24952, Time: 00:51:11

Health: -10/122    AC: 50    Str: 30    XL:     18   Next: 74%
Magic:  23/23      EV:  8    Int: 15    God:    Makhleb [******]
Gold:   5062       SH:  0    Dex: 15    Spells: 17/17 levels left

rFire    + . .     SeeInvis .   h - +2 battleaxe (flame)
rCold    + . .     Faith    .   (shield currently unavailable)
rNeg     + + .     Spirit   .   S - +12 crystal plate armour "Wonugi" {rN+ Str+4 Int+4}
rPois    ∞         Reflect  .   R - +0 hat of Dim Light {rCorr Stlth+} (curse)
rElec    +         Harm     .   Q - scarf {rC+ rF+}
rCorr    +         Rampage  .   G - +0 pair of gloves (curse)
Will     ++...                  v - +1 pair of boots
Stlth    ..........             F - amulet of regeneration
HPRegen  0.70/turn              B - +6 ring of dexterity
MPRegen  0.18/turn              Z - ring of willpower

@: grasped by roots, flying, constricted
A: big wings, negative energy resistance 1, electricity resistance, unbreathing,
petrification resistance, miasma immunity, AC +13
a: Stop Flying, Renounce Religion, Minor Destruction, Lesser Servant of Makhleb,
Major Destruction, Greater Servant of Makhleb


You were on level 3 of the Swamp.
You worshipped Makhleb.
Makhleb was exalted by your worship.
You visited 6 branches of the dungeon, and saw 29 of its levels.
You visited the Abyss 1 time.
You also visited: Sewer, Bailey and Gauntlet.

You collected 5950 gold pieces.
You spent 888 gold pieces at shops.

Inventory:

Hand Weapons
 a - a +1 war axe
 h - a +2 battleaxe of flaming (weapon)
Missiles
 M - 27 silver javelins (quivered)
Armour
 v - a +1 pair of boots (worn)
 G - a cursed +0 pair of gloves (worn)
 Q - a scarf of resistance (worn)
 R - the cursed +0 hat of Dim Light (worn) {rCorr Stlth+}
   (You found it in a Gauntlet)

   It provides partial protection from all sources of acid and corrosion.
   It makes you more stealthy.
   It has a curse placed upon it.
 S - the +12 crystal plate armour "Wonugi" (worn) {rN+ Str+4 Int+4}
   (You acquired it in a bailey)

   It affects your strength (+4).
   It affects your intelligence (+4).
   It protects you from negative energy.
Jewellery
 B - a +6 ring of dexterity (left hand)
 C - an uncursed ring of protection from fire
 F - an amulet of regeneration (around neck)
 H - an uncursed ring of resist corrosion
 N - an uncursed ring of magical power
 P - an uncursed amulet of guardian spirit
 W - an uncursed ring of see invisible
 Z - a ring of willpower (right hand)
Wands
 b - a wand of polymorph (25)
 i - a wand of paralysis (13)
 t - a wand of flame (59)
 y - a wand of digging (8)
 J - a wand of disintegration (8)
 K - a wand of iceblast (35)
Scrolls
 c - 2 scrolls of magic mapping
 f - 3 scrolls of blinking
 j - 10 scrolls of teleportation
 o - 13 scrolls of remove curse
 q - 6 scrolls of fog
 s - 3 scrolls of enchant weapon
 u - 10 scrolls of amnesia
 A - 4 scrolls of enchant armour
 I - 8 scrolls of identify
 L - a scroll of brand weapon
 O - a scroll of fear
 Y - a scroll of silence
Potions
 d - 7 potions of curing
 e - 3 potions of haste
 k - 6 potions of flight
 l - 4 potions of berserk rage
 m - 4 potions of resistance
 n - 2 potions of magic
 p - 6 potions of lignification
 r - 6 potions of brilliance
 w - a potion of cancellation
 x - 7 potions of ambrosia
 z - 6 potions of attraction
 D - 3 potions of invisibility
 E - 3 potions of might
 V - 3 potions of mutation
Miscellaneous
 g - a box of beasts
 T - a condenser vane (inert)
 X - a lightning rod (4/4)


   Skills:
 * Level 16.5 Fighting
 * Level 19.6 Axes
 * Level 3.9 Throwing
 - Level 11.0 Armour
 - Level 9.0 Dodging
 - Level 3.2 Shields
 - Level 7.0 Invocations
 - Level 10.0 Evocations


You had 17 spell levels left.
You didn't know any spells.
Your spell library contained the following spells:

 Spells                   Type           Power        Failure   Level
 Animate Skeleton         Necr           0%           99%         1
 Foxfire                  Conj/Fire      0%           99%         1
 Magic Dart               Conj           0%           99%         1
 Pain                     Necr           0%           99%         1
 Summon Small Mammal      Summ           0%           99%         1
 Call Imp                 Summ           0%           100%        2
 Poisonous Vapours        Pois/Air       0%           100%        2
 Searing Ray              Conj           0%           100%        2
 Call Canine Familiar     Summ           0%           100%        3
 Confusing Touch          Hex            0%           100%        3
 Conjure Flame            Conj/Fire      0%           100%        3
 Dazzling Flash           Conj/Hex       0%           100%        3
 Gell's Gravitas          Tloc           0%           100%        3
 Inner Flame              Hex/Fire       0%           100%        3
 Mephitic Cloud           Conj/Pois/Air  0%           100%        3
 Static Discharge         Conj/Air       0%           100%        3
 Summon Guardian Golem    Hex/Summ       0%           100%        3
 Vampiric Draining        Necr           0%           100%        3
 Animate Dead             Necr           0%           100%        4
 Fulminant Prism          Conj/Hex       0%           100%        4
 Iskenderun's Mystic Bla  Conj/Tloc      0%           100%        4
 Petrify                  Tmut/Erth      0%           100%        4
 Sticky Flame             Conj/Fire      0%           100%        4
 Summon Ice Beast         Ice/Summ       0%           100%        4
 Summon Lightning Spire   Summ/Air       0%           100%        4
 Agony                    Necr           0%           100%        5
 Fireball                 Conj/Fire      0%           100%        5
 Irradiate                Conj/Tmut      0%           100%        5
 Lightning Bolt           Conj/Air       0%           100%        5
 Metabolic Englaciation   Hex/Ice        0%           100%        5
 Yara's Violent Unravell  Hex/Tmut       0%           100%        5
 Freezing Cloud           Conj/Ice/Air   0%           100%        6
 Hydra Form               Tmut           0%           100%        6
 Dragon Form              Tmut           0%           100%        7
 Ignition                 Fire           0%           100%        8
 Shatter                  Erth           0%           100%        9
 Tornado                  Air            0%           100%        9
 Statue Form              Tmut/Erth      Unusable     N/A         6

Dungeon Overview and Level Annotations

Branches:
Dungeon (15/15)            Temple (1/1) D:4            Lair (6/6) D:9
  Swamp (3/4) Lair:4       Spider (0/4) Lair:3        Slime (0/5) Lair:6
    Orc (2/2) D:11            Elf (2/3) Orc:2        Vaults (0/5) D:13
 Depths (0/5) D:15          Sewer (visited)          Bailey (visited)
Gauntlet (visited)

Altars:
Ashenzari
Cheibriados
Dithmenos
Elyvilon
Fedhas
Gozag
Hepliaklqana
Kikubaaqudgha
Makhleb
Nemelex Xobeh
Okawaru
Qazlal
Ru
Sif Muna
Trog
Uskayaw
Vehumet
Wu Jian
Xom
Yredelemnul
Zin
The Shining One
Jiyva

Shops:
D:6 *   D:7 =   D:8 [   D:9 (   D:11 (   D:15 !   Orc:2 **}(   Elf:1 *
Elf:2 *

Portals:
Pandemonium: Orc:2


Innate Abilities, Weirdness & Mutations

You are resistant to torment.
Your stone body is resilient. (AC +13)
You are immune to poison.
Your large and strong wings let you fly indefinitely.
You resist negative energy. (rN+)
You are resistant to electric shocks. (rElec)
You can survive without breathing.
You are immune to petrification.
You are immune to miasma.


Message History

You hear a roar!
You hear a chilling moan.
The swamp worm bites you but does no damage.
The three-headed hydra is struck by lightning.
The three-headed hydra bites you but does no damage.
The three-headed hydra closely misses you.
The three-headed hydra bites you but does no damage.
The spriggan rider hits you but does no damage.
Lightning arcs down from a storm cloud!
You hit the spriggan druid. You burn the spriggan druid.
The spriggan druid is lightly wounded.
You hit the three-headed hydra. You burn the three-headed hydra.
You closely miss the swamp worm. You hit the swamp worm.
You burn the swamp worm. The swamp worm bites you!
* * * LOW HITPOINT WARNING * * *
The spriggan druid hits you but does no damage.
The three-headed hydra bites you but does no damage. x2
The three-headed hydra barely misses you.
* * * LOW HITPOINT WARNING * * *
The grasping roots constrict you! The swamp worm bites you!
You die...

.≈ ♣!≈..≈§≈≈≈
.§≈.♣ ♣≈≈≈≈≈≈≈≈♣
≈≈≈≈≈ ♣§§).≈≈≈≈.
≈♣.≈.♣♣§§§.≈.≈.$
≈≈≈≈...≈§§..≈≈.≈
≈≈.≈§§§f♣§♣.....
.≈§≈≈§in§§>.≈≈..
.♣..≈♣Diw§.≈.≈..
≈≈§≈.§§@§§..≈..≈
≈...≈≈w♣≈≈≈≈≈.≈≈
≈≈≈..§. §§≈...§≈
≈.≈≈♣≈≈ §§≈≈.≈≈≈
≈.≈≈≈≈≈ §§≈≈≈≈≈
.. .≈≈. .≈≈≈≈.§
. ≈≈.≈. ..≈≈≈.♣
≈≈≈..≈ ..≈$≈≈§


You could see a shambling mangrove, a three-headed hydra (strong), a spriggan
rider, a spriggan druid, a bog body and 2 swamp worms.

Vanquished Creatures
  Nikola (Swamp:1)
  Rupert (Orc:2)
  A deep elf blademaster (Elf:2)
  Gastronok (D:8)
  Kirke (D:14)
  The ghost of Nillyq the Geomancer, an adept GrEE of Vehumet (D:14)
  A fenstrider witch (Swamp:2)
  A deep elf sorcerer (Elf:2)
  2 entropy weavers (Lair:6)
  2 deep elf annihilators (Elf:2)
  4 dire elephants (Lair:6)
  A bunyip (Swamp:2)
  A minotaur (Gauntlet)
  The ghost of Mebb the Imperceptible, a journeyman SpEn of Gozag (D:13)
  2 deep elf death magi (Elf:1)
  2 eleionomae
  The ghost of Izunn the Grappler, a journeyman TrMo of Wu Jian (Lair:2)
  2 vault guards (D:13)
  14 hydras
  A catoblepas (Lair:4)
  A death knight (D:13)
  A ghost crab (Swamp:1)
  An anaconda (Lair:6)
  4 boulder beetles
  2 queen ants
  5 centaur warriors
  A tengu warrior (D:14)
  18 dancing weapons
  5 two-headed ogres
  8 alligators
  5 death yaks (Lair:2)
  8 orc high priests
  Urug (Lair:1)
  A vampire mage (Swamp:2)
  A thrashing horror (Gauntlet)
  A soul eater (Orc:2)
  2 spriggans
  16 deep elf knights
  A goliath frog (Swamp:1)
  A sixfirhy (Orc:2)
  5 skeletal warriors (D:15)
  2 infernal demonspawn (Orc:2)
  3 wizards
  3 unseen horrors
  A torturous demonspawn (Orc:2)
  A phantasmal warrior (D:13)
  A swamp dragon (Swamp:3)
  11 deep elf archers
  2 spriggan druids
  4 bog bodies
  A mana viper (shapeshifter) (Elf:2)
  A harpy (D:13)
  7 orc knights
  47 deep elf magi
  A wolf spider (Lair:3)
  4 oklob plants (Lair:4)
  3 ugly things
  4 necromancers
  8 orc sorcerers
  3 cyclopes
  4 manticores
  A moth of wrath (D:13)
  25 elephants
  Maurice (D:9)
  A naga mage (D:15)
  5 black mambas
  7 cane toads
  2 gargoyles
  3 centaur skeletons
  6 yaktaurs
  4 rime drakes
  An efreet (D:14)
  2 minotaur zombies (Gauntlet)
  11 komodo dragons
  An ice devil (Orc:2)
  A hellwing (Orc:2)
  A red devil (Orc:2)
  2 meliai
  2 polar bears (Lair:4)
  3 trolls
  A queen bee (Lair:2)
  A wolf spider simulacrum (D:15)
  4 hornets
  8 blink frogs
  5 tyrant leeches (Swamp:2)
  25 slime creatures
  6 centaur simulacra
  A redback (D:13)
  4 wyverns
  3 water elementals
  2 small abominations (Gauntlet)
  5 wraiths
  57 yaks
  2 hogs (D:15)
  20 humans
  7 basilisks
  A steam dragon (Lair:1)
  A chaos spawn (Orc:2)
  10 swamp worms
  Edmund (D:4)
  7 acid dragons
  A warg (Orc:1)
  21 soldier ants
  13 water moccasins
  45 orc warriors
  Purgy (Sewer)
  2 swamp drakes (Swamp:2)
  15 ice beasts
  3 sky beasts
  10 black bears
  14 ogres
  2 eyes of draining
  A necrophage (D:13)
  5 wolves (Gauntlet)
  18 centaurs
  23 bullfrogs
  A wyvern zombie (D:13)
  3 wyvern skeletons
  An earth elemental (Elf:2)
  6 scorpions
  20 wights
  10 killer bees
  8 electric eels
  A howler monkey (D:12)
  6 crimson imps (D:14)
  2 quasits (D:8)
  7 centaur zombies
  4 jellies
  18 orc priests
  5 hounds
  3 bullfrog skeletons
  25 orc wizards
  Jessica (D:3)
  5 iguanas
  30 worker ants
  A hound skeleton (D:9)
  Robin (D:3)
  16 adders
  14 gnolls
  An adder (shapeshifter) (D:12)
  4 shadow imps
  5 white imps
  An ufetubus (D:9)
  4 adder skeletons
  An adder zombie (D:6)
  3 dart slugs
  8 leopard geckos
  97 orcs
  8 bats
  7 giant cockroaches
  30 goblins
  25 hobgoblins
  16 jackals
  9 kobolds
  5 quokkas
  A ball python (D:2)
  6 frilled lizards
  A leopard gecko skeleton (D:5)
  11 rats
1095 creatures vanquished.

Vanquished Creatures (others)
  A deep elf knight (Elf:2)
  A bloated husk (Swamp:2)
  2 humans
  An orc (D:10)
  27 fungi
  52 plants
84 creatures vanquished.

Grand Total: 1179 creatures vanquished

Notes
Turn   | Place    | Note
-------+----------+-------------------------------------------
     0 | D:1      | Amaterasu the Gargoyle Fighter began the quest for the Orb.
     0 | D:1      | Reached XP level 1. HP: 14/14 MP: 1/1
    32 | D:1      | Reached skill level 2 in Axes
    36 | D:1      | Reached XP level 2. HP: 19/20 MP: 2/2
   417 | D:1      | Reached XP level 3. HP: 18/24 MP: 3/3
   872 | D:2      | Reached skill level 3 in Axes
  1143 | D:2      | Reached XP level 4. HP: 29/29 MP: 4/4
  1199 | D:2      | Found an ancient bone altar of Kikubaaqudgha.
  1564 | D:2      | Reached XP level 5. HP: 34/34 MP: 5/5
  1763 | D:3      | Reached skill level 4 in Axes
  1870 | D:3      | Found a glowing drain.
  1902 | Sewer    | Entered a sewer
  1990 | Sewer    | Noticed Purgy
  1999 | Sewer    | Killed Purgy
  2000 | Sewer    | Reached skill level 5 in Fighting
  2000 | Sewer    | Reached skill level 5 in Axes
  2000 | Sewer    | Reached XP level 6. HP: 40/40 MP: 6/6
  2295 | D:3      | Noticed Robin
  2315 | D:3      | Killed Robin
  2383 | D:3      | Noticed Jessica
  2391 | D:3      | Killed Jessica
  2494 | D:3      | You fall into a shaft and drop 2 floors!
  2494 | D:5      | Entered Level 5 of the Dungeon
  2533 | D:5      | Reached XP level 7. HP: 29/46 MP: 7/7
  2811 | D:4      | Noticed Edmund
  2830 | D:4      | Killed Edmund
  2831 | D:4      | Reached skill level 6 in Axes
  2831 | D:4      | Reached skill level 1 in Dodging
  2959 | D:4      | Reached XP level 8. HP: 45/51 MP: 8/8
  3421 | D:4      | Reached skill level 7 in Axes
  3681 | D:4      | Found a staircase to the Ecumenical Temple.
  3699 | Temple   | Entered the Ecumenical Temple
  3799 | Temple   | Became a worshipper of Makhleb the Destroyer
  4039 | D:5      | Found a broken altar of Ashenzari.
  4043 | D:5      | Saw a vision of the Swamp and the Spider Nest.
  4043 | D:5      | Noticed a redback
  4043 | D:5      | Noticed a wolf spider
  4043 | D:5      | Noticed a wolf spider
  4043 | D:5      | Noticed an alligator
  4043 | D:5      | Noticed a redback
  4043 | D:5      | Noticed a wolf spider
  4043 | D:5      | Noticed a redback
  4044 | D:5      | Noticed a redback
  4290 | D:5      | Reached skill level 8 in Axes
  4386 | D:5      | Reached skill level 5 in Armour
  4424 | D:6      | Reached XP level 9. HP: 36/55 MP: 9/9
  4722 | D:6      | Reached skill level 1 in Evocations
  4725 | D:6      | Found Yzxiliwk's General Store.
  4728 | D:6      | Bought a scroll of identify for 24 gold pieces
  4728 | D:6      | Bought a scroll of identify for 24 gold pieces
  4805 | D:6      | Reached * piety under Makhleb
  5005 | D:6      | Reached skill level 9 in Axes
  5344 | D:7      | Found Losikipe's Jewellery Shop.
  6405 | D:8      | Reached skill level 10 in Axes
  6405 | D:8      | Reached ** piety under Makhleb
  6516 | D:8      | Reached XP level 10. HP: 40/63 MP: 10/10
  6702 | D:8      | Found Cheibriados's Comfort Zone.
  6703 | D:8      | Noticed Gastronok
  6718 | D:8      | Found a snail-covered altar of Cheibriados.
  6725 | D:8      | Killed Gastronok
  6726 | D:8      | Reached skill level 11 in Axes
  6939 | D:9      | Found a snail-covered altar of Cheibriados.
  6939 | D:9      | Found a glowing golden altar of the Shining One.
  6941 | D:9      | Found a bloodstained altar of Trog.
  6982 | D:9      | Found Faff's Weapon Emporium.
  6986 | D:9      | Reached skill level 1 in Invocations
  7089 | D:9      | Reached *** piety under Makhleb
  7112 | D:9      | Noticed Maurice
  7123 | D:9      | Killed Maurice
  7124 | D:9      | Reached XP level 11. HP: 71/71 MP: 12/12
  7131 | D:9      | Got a jewelled plate armour
  7142 | D:9      | Identified the +10 plate armour "Lidoysoich" {*Contam rC++
                  | Will+ Str-5} (You found it on level 9 of the Dungeon)
  7254 | D:9      | Found a staircase to the Lair.
  7540 | D:9      | Found a glowing silver altar of Zin.
  7544 | D:9      | Found a hide-covered altar of Uskayaw.
  7584 | D:10     | Entered Level 10 of the Dungeon
  7727 | D:10     | Killed an unseen horror
  7826 | D:10     | Reached **** piety under Makhleb
  7837 | D:10     | Reached skill level 5 in Dodging
  8007 | D:10     | Noticed a two-headed ogre
  8016 | D:10     | Killed a two-headed ogre
  8733 | D:7      | Bought an uncursed amulet of regeneration for 420 gold
                  | pieces
  8812 | Lair:1   | Entered Level 1 of the Lair of Beasts
  8985 | Lair:1   | Noticed Urug
  9008 | Lair:1   | Killed Urug
  9049 | Lair:1   | Reached XP level 12. HP: 76/76 MP: 14/14
  9102 | Lair:1   | Reached skill level 12 in Axes
  9703 | Lair:2   | Noticed Izunn's ghost (journeyman TrMo)
  9719 | Lair:2   | Found a transporter.
  9724 | Lair:2   | Found a transporter.
  9749 | Lair:2   | HP: 1/77 [killer bee (7)]
  9753 | Lair:2   | Killed Izunn's ghost
  9754 | Lair:2   | Reached skill level 10 in Fighting
  9760 | Lair:2   | Reached skill level 5 in Evocations
  9972 | Lair:2   | Reached skill level 13 in Axes
 10009 | Lair:2   | Noticed a death yak
 10010 | Lair:2   | Noticed a death yak
 10010 | Lair:2   | Noticed a death yak
 10011 | Lair:2   | Noticed a death yak
 10011 | Lair:2   | Noticed a death yak
 10019 | Lair:2   | Reached ***** piety under Makhleb
 10022 | Lair:2   | Killed a death yak
 10030 | Lair:2   | Killed a death yak
 10030 | Lair:2   | Killed a death yak
 10033 | Lair:2   | Killed a death yak
 10040 | Lair:2   | Killed a death yak
 10041 | Lair:2   | Reached XP level 13. HP: 83/83 MP: 15/15
 10145 | Lair:2   | Reached skill level 14 in Axes
 10596 | Lair:3   | Found a hole to the Spider Nest.
 10680 | Lair:3   | Found an iron altar of Okawaru.
 11712 | Lair:4   | Reached skill level 15 in Axes
 11742 | Lair:4   | Found a staircase to the Swamp.
 12264 | Lair:4   | Identified a scroll of acquirement
 12264 | Lair:4   | Acquired 1233 gold pieces
 12526 | Lair:5   | Gained mutation: Your large and strong wings let you fly
                  | indefinitely. [Gargoyle growth]
 12526 | Lair:5   | Reached XP level 14. HP: 92/92 MP: 16/16
 12952 | Lair:6   | Entered Level 6 of the Lair of Beasts
 13156 | Lair:6   | Noticed an entropy weaver
 13161 | Lair:6   | Noticed an entropy weaver
 13174 | Lair:6   | Reached ****** piety under Makhleb
 13301 | Lair:6   | Killed an entropy weaver
 13307 | Lair:5   | Reached skill level 5 in Invocations
 13322 | Lair:5   | Reached skill level 10 in Armour
 13332 | Lair:6   | Killed an entropy weaver
 13642 | Lair:6   | Found a viscous altar of Jiyva.
 13643 | Lair:6   | Found a staircase to the Slime Pits.
 14070 | Lair:6   | Acquired 1189 gold pieces
 14178 | Lair:6   | Noticed a dire elephant
 14178 | Lair:6   | Noticed a dire elephant
 14191 | Lair:6   | Killed a dire elephant
 14195 | Lair:6   | Killed a dire elephant
 14225 | Lair:6   | Noticed a dire elephant
 14238 | Lair:6   | Killed a dire elephant
 14276 | Lair:6   | Noticed a dire elephant
 14299 | Lair:6   | Killed a dire elephant
 14666 | D:11     | Found Kenasep's Antique Weapon Boutique.
 14688 | D:11     | Found a gate leading to a gauntlet.
 14702 | Gauntlet | Entered a Gauntlet
 14702 | Gauntlet | Found a transporter.
 14702 | Gauntlet | Found a transporter.
 14702 | Gauntlet | Found a transporter.
 14716 | Gauntlet | Found a transporter.
 14719 | Gauntlet | Found a transporter.
 14731 | Gauntlet | Found a transporter.
 14734 | Gauntlet | Found a transporter.
 14747 | Gauntlet | Found a transporter.
 14769 | Gauntlet | Found a transporter.
 14771 | Gauntlet | Noticed a balrug
 14790 | Gauntlet | Found a transporter.
 14795 | Gauntlet | Found a transporter.
 14810 | Gauntlet | Found a transporter.
 14993 | Gauntlet | Got a fading hat
 15001 | Gauntlet | Identified the cursed +0 hat of Dim Light {rCorr Stlth+}
                  | (You found it in a Gauntlet)
 15041 | Gauntlet | Reached XP level 15. HP: 76/96 MP: 18/18
 15104 | D:11     | Found a flagged portal.
 15115 | Bailey   | Entered a bailey
 15185 | Bailey   | Found an iron altar of Okawaru.
 15554 | Bailey   | Acquired the +12 crystal plate armour "Wonugi" {rN+ Str+4
                  | Int+4}
 15697 | D:11     | Found a staircase to the Orcish Mines.
 16798 | D:12     | Found an iron altar of Okawaru.
 17053 | D:13     | Reached skill level 16 in Axes
 17306 | D:13     | Found a transporter.
 17307 | D:13     | Noticed Mebb's ghost (journeyman SpEn)
 17327 | D:13     | Found a transporter.
 17504 | D:13     | Found a gate to the Vaults.
 17671 | D:13     | Killed Mebb's ghost
 17950 | D:13     | Reached XP level 16. HP: 104/104 MP: 19/19
 18302 | D:14     | Found a runed translucent door.
 18307 | D:14     | Noticed Nillyq's ghost (adept GrEE)
 18360 | D:14     | Killed Nillyq's ghost
 18525 | D:14     | Reached skill level 17 in Axes
 18949 | D:15     | Entered Level 15 of the Dungeon
 18949 | D:15     | Noticed Kirke
 18968 | D:14     | Killed Kirke
 19260 | D:15     | Found Pyafav's Distillery.
 19357 | D:15     | Identified the cursed +0 hand axe "Safeoc" {elec, *Noise
                  | rElec rPois MP-9}
 19374 | D:15     | Paralysed by an orc sorcerer for 2 turns
 19505 | D:15     | Found a staircase to the Depths.
 19808 | Orc:1    | Entered Level 1 of the Orcish Mines
 19941 | Orc:2    | Entered Level 2 of the Orcish Mines
 20005 | Orc:2    | Noticed Rupert
 20017 | Orc:2    | Killed Rupert
 20060 | Orc:2    | Found Wickothroff's General Store.
 20062 | Orc:2    | Found Rucyrota's General Store.
 20076 | Orc:2    | Reached skill level 18 in Axes
 20191 | Orc:2    | Paralysed by an orc sorcerer for 2 turns
 20234 | Orc:2    | Reached XP level 17. HP: 112/112 MP: 20/20
 20303 | Orc:2    | Reached skill level 15 in Fighting
 20415 | Orc:2    | Found Bianemn's Antique Weapon Emporium.
 20415 | Orc:2    | Found Buocsuw's Gadget Shoppe.
 20416 | Orc:2    | Found a one-way gate leading to the halls of Pandemonium.
 20420 | Orc:2    | Bought a lightning rod (4/4) for 420 gold pieces
 20497 | Orc:2    | Found a staircase to the Elven Halls.
 21184 | Elf:1    | Entered Level 1 of the Elven Halls
 21287 | Elf:1    | Reached skill level 10 in Evocations
 21572 | Elf:1    | Reached skill level 1 in Throwing
 21628 | Elf:1    | Found Ryqul's General Store.
 22119 | Elf:2    | Cast into level 2 of the Abyss (a deep elf sorcerer)
 22145 | Elf:2    | Escaped the Abyss
 22376 | Elf:2    | Found a huge runed translucent gate.
 22376 | Elf:2    | Found a huge runed translucent gate.
 22376 | Elf:2    | Found a huge runed translucent gate.
 22376 | Elf:2    | Found a huge runed translucent gate.
 22376 | Elf:2    | Found a huge runed translucent gate.
 22529 | Elf:2    | Found Atiwkim's General Store.
 22799 | Elf:2    | Reached XP level 18. HP: 120/120 MP: 22/22
 22832 | Elf:2    | Noticed a deep elf blademaster
 22874 | Elf:2    | Killed a deep elf blademaster
 22948 | Elf:2    | Reached skill level 19 in Axes
 23565 | Swamp:1  | Entered Level 1 of the Swamp
 23569 | Swamp:1  | Found a stormy altar of Qazlal.
 24044 | Swamp:1  | Noticed Nikola
 24060 | Swamp:1  | Killed Nikola
 24918 | Swamp:2  | Identified the cursed -7 pair of gloves of Refuge {Str+4}
                  | (You found it on level 2 of the Swamp)
 24952 | Swamp:3  | HP: 1/122 [shambling mangrove (12)]
 24952 | Swamp:3  | Mangled by a swamp worm

Illustrated notes

Levels and vault maps discovered:
D:1:      doesnt_arrival_eight_statues, layout_rooms, minmay_circled_x
D:2:      layout_loops_ring, lemuel_round_altar, minmay_split_cup_large
D:3:      layout_rooms, gup_sewer_entry_pipe, uniq_jessica, uniq_robin
D:4:      layout_loops_ring, minmay_temple_entry_fiery, uniq_edmund
D:5:      layout_rooms, grunt_ashenzari_visionary
          [grunt_ashenzari_visionary_swamp, grunt_ashenzari_visionary_spider]
D:6:      minmay_general_purpose_star, layout_cave_pools, serial_shops,
          nicolae_shop_behind_doors, nicolae_benzene_ring, sigmund_army
D:7:      layout_gridville, serial_shops, shop_statue
D:8:      layout_basic, minmay_shop_chei, kennysheep_generic_room_3,
          uniq_gastronok
D:9:      layout_roguey, nicolae_overflow_hidden_temple, dpeg_oklobed_lair,
          serial_shops, shop, chequers_serial_rivers_micro_c, minmay_bent,
          uniq_maurice
D:10:     minmay_octagon_keep, layout_basic
D:11:     layout_basic, david_orc_3, enter_bailey_2, serial_shops,
          shop_fountains, gauntlet_entry_generic
D:12:     minmay_blocky_corners, layout_gridville, okawaru_humans
D:13:     minmay_polygon_palace, layout_basic, grunt_vaults_entry_tiered,
          gammafunk_ghost_berserking_beasts, chequers_big_river
D:14:     layout_rooms, ebering_ghost_reflecting_pool, minmay_nine_imps
D:15:     grunt_enter_depths_magical_seal, layout_rooms,
          chequers_serial_rivers_large_a, serial_shops, shop, uniq_kirke
Temple:   eino_temple_rhombus
Lair:1:   layout_misc_corridors, grunt_megastairs_2, uniq_urug
Lair:2:   layout_roguey, gammafunk_ghost_hive
Lair:3:   layout_small_grid, spider_nest_entry_funnel_web, basic_altar,
          beast_lair_carwin_6, infiniplex_staircase_pool_2
Lair:4:   layout_big_grid, minmay_swamp_entry_worms,
          cheibrodos_lair_caveside_slide, lemuel_fruit_tree,
          minmay_lair_oklob_chamber
Lair:5:   layout_gridlike
Lair:6:   due_jungle_book, layout_long_grid, dpeg_slime_entry_enclosed_altar,
          zaba_antful_of_joy, grunt_megastairs_3
Swamp:1:  layout_basic_swamp, nicolae_swamp_feature_on_the_river_bank,
          swamp_pool1, statue_in_the_mist_lemuel, grunt_witch_cave, uniq_nikola
Swamp:2:  layout_basic_swamp, evilmike_swamp_ruin_house_1,
          cheibrodos_swamp_pet_leeches
Swamp:3:  layout_falls_marsh, infiniplex_staircase_pool
Orc:1:    layout_diamond_mine, uniq_snorg
Orc:2:    pf_orc_diabolical, layout_caves, uniq_rupert
Elf:1:    layout_gridlike, serial_shops, nicolae_shop_crystal,
          minmay_elf_crystal_hexagon
Elf:2:    layout_geoelf_grid, serial_shops, shop, roderic_lattice_octagonal_star

Skill      XL: |  1  2  3  4  5  6  7  8  9 10 11 12 13 14 15 16 17 18 |
---------------+-------------------------------------------------------+-----
Axes           | 2 3 5 6 8 10 11 13 15 16 18 19 | 19.6
Fighting       | 4 5 6 7 9 10 12 13 14 15 16 | 16.5
Dodging        | 1 3 6 9 |  9.0
Armour         | 4 5 6 8 11 | 11.0
Evocations     | 2 4 5 7 8 10 | 10.0
Invocations    | 2 3 5 6 7 |  7.0
Throwing       | 2 3 |  3.9
Shields        | |  3.2

Action                   |  1- 3 |  4- 6 |  7- 9 | 10-12 | 13-15 | 16-18 || total
-------------------------+-------+-------+-------+-------+-------+-------++-------
Melee: War axe           |   159 |   249 |   421 |       |       |       ||   829
       Battleaxe         |       |       |    34 |   437 |  1080 |  1286 ||  2837
       Unarmed           |       |       |       |       |       |     3 ||     3
 Abil: Fly               |       |       |       |       |     1 |       ||     1
Evoke: Wand              |       |       |       |       |    29 |     4 ||    33
       Condenser vane    |       |       |       |       |       |     3 ||     3
  Use: Scroll            |     6 |     5 |     9 |    10 |    16 |     6 ||    52
       Potion            |       |     1 |       |     3 |     4 |     4 ||    12
 Stab: Distracted        |       |       |       |       |       |     1 ||     1
       Confused          |       |       |       |       |       |     1 ||     1
Armor: Scale mail        |    97 |   159 |    72 |       |       |       ||   328
       Chain mail        |       |       |   197 |    55 |       |       ||   252
       Plate armour      |       |       |       |   422 |   914 |       ||  1336
       Crystal plate arm |       |       |       |       |   481 |  1210 ||  1691
       Skin              |       |       |       |       |       |     6 ||     6
Dodge: Dodged            |    59 |    81 |   140 |   242 |   718 |   556 ||  1796
Block: Kite shield       |   106 |   122 |   173 |       |       |       ||   401
